 Dungeon Crawl Stone Soup version 0.16-a0-324-g99bef82 (webtiles) character file.

32 PolkaDot the Caller (level 3, 0/24 HPs)
             Began as a Vampire Summoner on Sept 3, 2014.
             Succumbed to an adder's poison
             ... on Level 2 of the Dungeon.
             The game lasted 00:04:53 (1444 turns).

PolkaDot the Caller (Vampire Summoner)              Turns: 1444, Time: 00:04:54

HP   0/24        AC  2     Str  7      XL: 3   Next:  8%
MP   4/6         EV 12     Int 18      God:
Gold 40          SH  0     Dex 14      Spells:  2 memorised,  3 levels left

rFire  . . .     SeeInvis +     (no weapon)
rCold  . . .     Clarity  .     a - +0 robe
rNeg   . . .     rCorr    .     (no shield)
rPois  .         rRot     .     (no helmet)
rElec  .         Spirit   .     (no cloak)
SustAb .         Warding  .     (no gloves)
rMut   .         Stasis   .     (no boots)
Gourm  .                        (no amulet)
MR     .....                    (no ring)
                                (no ring)

@: lethally poisoned, regenerating quickly, not resistant to hostile
enchantments, unstealthy
A: fangs 3, see invisible, unbreathing
a: no special abilities


You were on level 2 of the Dungeon.
You were full.

You visited 1 branch of the dungeon, and saw 2 of its levels.

You collected 40 gold pieces.

Inventory:

Missiles
 c - 12 poisoned needles (quivered)
Armour
 a - a +0 robe (worn)
Scrolls
 g - a scroll of enchant armour
 j - a scroll of teleportation {unknown}
Potions
 e - a potion of might
 h - a potion of curing
Books
 b - a book of Callings

   Spells                             Type                      Level
   *Summon Small Mammal               Summoning                    1
   *Call Imp                          Summoning                    2
   Call Canine Familiar               Summoning                    3
   Summon Guardian Golem              Hexes/Summoning              4
   Summon Lightning Spire             Summoning/Air                4
   Summon Ice Beast                   Ice/Summoning                4


   Skills:
 - Level 2.1 Dodging
 - Level 3.0 Stealth
 - Level 2.0 Spellcasting
 * Level 5.0 Summonings


You had 3 spell levels left.
You knew the following spells:

 Your Spells              Type           Power        Failure   Level  Hunger
a - Summon Small Mammal   Summ           ###.         1%          1    #......
s - Call Imp              Summ           ###.....     3%          2    ##.....


Dungeon Overview and Level Annotations

Branches:
Dungeon (2/15)

Altars:


Innate Abilities, Weirdness & Mutations

Your natural rate of healing is unusually fast.
You have razor-sharp teeth.
You have supernaturally acute eyesight.
You can survive without breathing.


Message History

You stop draining the corpse.
All blood oozes out of the corpse!
An adder comes into view.
You miss the adder.
Your crimson imp hits the adder.
The adder misses you.
Your white imp hits the adder.
Your white imp freezes the adder.
You closely miss the adder.
The adder is almost dead.
The adder bites you.
* * * LOW HITPOINT WARNING * * *
You are poisoned.
The adder poisons you!
Your crimson imp misses the adder.
Your white imp closely misses the adder.
You barely miss the adder.
The adder is almost dead.
You feel sick. The adder misses you.
Your crimson imp blinks!
Your white imp closely misses the adder.
The adder bites you.
* * * LOW HITPOINT WARNING * * *
Your white imp completely misses the adder.
You die...

## ... . .. #####
.#.# # ## ....
...#.# .##
#.###%##.# ..##
#.5...5..# ...
+S§.....## ..
#.###..## .# #@#
#.## .#
.....###.###5# .#
............## .#
#...#####.#.## .#
....# #.#.# .#
##.#.%#####.#.# .#
#..#..........# .#
#.##........###
.#####.#.........#


You could see an adder and a friendly white imp.

Vanquished Creatures
  2 bats (D:1)
  A giant cockroach (D:2)
  A goblin (D:1)
  4 hobgoblins
  4 kobolds
  A giant newt (D:1)
  2 rats
  A toadstool (D:1)
16 creatures vanquished.

Vanquished Creatures (collateral kills)
  An adder (D:2)
  4 hobgoblins
  3 jackals (D:1)
  2 kobolds
  A bat (D:2)
  A giant newt (D:1)
  A rat (D:1)
13 creatures vanquished.

Vanquished Creatures (others)
  A quokka (D:1)
  A bat (D:1)
  A rat (D:2)
  3 toadstools (D:1)
6 creatures vanquished.

Grand Total: 35 creatures vanquished

Notes
Turn   | Place    | Note
--------------------------------------------------------------
     0 | D:1      | PolkaDot, the Vampire Summoner, began the quest for the Orb.
     0 | D:1      | Reached XP level 1. HP: 13/13 MP: 3/3
   517 | D:1      | Reached XP level 2. HP: 16/19 MP: 4/4
  1011 | D:2      | Learned a level 2 spell: Call Imp
  1432 | D:2      | Reached skill level 5 in Summonings
  1432 | D:2      | Reached XP level 3. HP: 7/24 MP: 3/6
  1442 | D:2      | HP: 1/24 [adder (3)]
  1444 | D:2      | Succumbed to an adder's poison

Action                   || total
-------------------------++-------
Melee: Unarmed           ||   133
 Cast: Summon Small Mamm ||    25
       Call Imp          ||     2
  Use: Scroll            ||     5
       Potion            ||     1
 Stab: Sleeping          ||     3
       Distracted        ||     1
  Eat: Corpse            ||     8
